 Dungeon Crawl Stone Soup version 0.17.0-28-g6e173f8 (console) character file.

2494 Kloppie the Frost Mage (level 9, -2/67 HPs)
             Began as a Grey Draconian Ice Elementalist on Dec 3, 2015.
             Killed from afar by Kloppie's ghost (33 damage)
             ... with a bolt of negative energy
             ... on level 7 of the Dungeon.
             The game lasted 00:18:49 (8122 turns).

Kloppie the Frost Mage (DrIE)                       Turns: 8122, Time: 00:18:49

Health: -2/67      AC: 15    Str: 10    XL:     9   Next: 28%
Magic:  8/15       EV: 12    Int: 18    God:
Gold:   294        SH:  0    Dex: 15    Spells: 4 memorised, 4 levels left

rFire  . . .     SeeInvis .     a - +2 falchion (venom)
rCold  . . .     Clarity  .     (armour unavailable)
rNeg   . . .     SustAt   .     (no shield)
rPois  .         Gourm    .     (helmet restricted)
rElec  .         Spirit   .     d - +0 cloak
rCorr  .         Warding  .     (no gloves)
rMut   .         Stasis   .     n - +1 pair of boots
MR     .....                    (no amulet)
Stlth  ++........               (no ring)
                                A - +2 ring of dexterity

@: heavily drained, not resistant to hostile enchantments, unstealthy
A: walk through water, unfitting armour, unbreathing, cold-blooded, AC +12
a: no special abilities


You were on level 7 of the Dungeon.
You were hungry.

You visited 2 branches of the dungeon, and saw 8 of its levels.

You collected 294 gold pieces.

Inventory:

Hand Weapons
 a - a +2 falchion of venom (weapon)
 b - a +1 long sword of holy wrath
 x - a +0 scimitar
Armour
 d - a +0 cloak (worn)
 n - a +1 pair of boots (worn)
Jewellery
 A - a +2 ring of dexterity (left hand)
Wands
 y - a wand of confusion (20)
Scrolls
 f - a scroll of blinking
 h - a scroll of fear
 i - a scroll of teleportation
 l - 2 scrolls of magic mapping
 w - 3 scrolls of noise
Potions
 j - a potion of flight
 m - 2 potions of curing
 q - a potion of cure mutation
 t - a potion of invisibility
 v - a potion of ambrosia
 z - a potion of haste
 B - a potion of poison {unknown}
Books
 s - a book of Frost

   Spells                             Type                      Level
   a - Freeze                         Ice                          1
   b - Throw Frost                    Conjuration/Ice              2
   c - Ozocubu's Armour               Charms/Ice                   3
   d - Throw Icicle                   Conjuration/Ice              4
   e - Summon Ice Beast               Ice/Summoning                4
   f - Condensation Shield            Ice                          4
 C - a book of the Dragon

   Spells                             Type                      Level
   a - Flame Tongue                   Conjuration/Fire             1
   b - Cause Fear                     Hexes                        4
   c - Bolt of Fire                   Conjuration/Fire             6
   d - Dragon Form                    Transmutation                7
   e - Dragon's Call                  Summoning                    9
Comestibles
 c - 2 chunks of flesh
 e - 3 bread rations
 g - 3 fruits
 r - 2 meat rations


   Skills:
 * Level 2.1(1.0) Fighting
 * Level 2.8(1.7) Dodging
 - Level 1.7(0.6) Stealth
 - Level 4.1(2.9) Spellcasting
 - Level 5.7(4.5) Conjurations
 - Level 4.1(2.9) Summonings
 + Level 9.3(8.0) Ice Magic


You had 4 spell levels left.
You knew the following spells:

 Your Spells              Type           Power        Failure   Level  Hunger
a - Freeze                Ice            ####         1%          1    None
b - Ozocubu's Armour      Chrm/Ice       ###.....     12%         3    ###....
c - Summon Ice Beast      Ice/Summ       ###.....     21%         4    ####...
d - Throw Icicle          Conj/Ice       ####....     14%         4    ####...


Dungeon Overview and Level Annotations

Branches:
Dungeon (7/15)             Temple (1/1) D:6

Altars:
Ashenzari
Cheibriados
Dithmenos
Elyvilon
Fedhas
Kikubaaqudgha
Makhleb
Nemelex Xobeh
Okawaru
Qazlal
Sif Muna
Trog
Xom
The Shining One

Shops:
D:6 :

Annotations:
D:4 Edmund
D:7 Kloppie's ghost, novice DrIE


Innate Abilities, Weirdness & Mutations

You can walk through water.
Your dull iron-grey scales are very hard (AC +12).
Your body does not fit into most forms of armour.
You can survive without breathing.
You are cold-blooded and may be slowed by cold attacks.


Message History

w - Wait here. f - Follow me.
Anything else - Stay silent.
Gang up on whom?
Press: ? - help, Dir - move target cursor, f - Kloppie's ghost
Aim: Kloppie's ghost, wielding a weapon of freezing Attack!
Kloppie's ghost casts a spell at you. The shard of ice hits you!
* * * LOW HITPOINT WARNING * * *
Your ice beast hits Kloppie's ghost but does no damage.
Something hits your ice beast.
Your ice beast hits Kloppie's ghost but does no damage.
Your ice beast hits Kloppie's ghost.
Your ice beast freezes Kloppie's ghost!
Kloppie's ghost hits your ice beast.
Your ice beast misses Kloppie's ghost.
Your ice beast barely misses Kloppie's ghost.
Kloppie's ghost breathes negative energy at you.
The bolt of negative energy hits your ice beast.
Your ice beast is drained!
The bolt of negative energy hits you!
You feel drained.
You die...

###.# #...#
#.### #####.###
#.......# ..
#.#####.###....
##########.#
#........
.......)<><#
#.##.....
##########@#
#.# ....
#Y#####.# ..#
#YW.....# #.
#.Y..#.##
#..###.# #...
... #.......#
##....#.# ...#.
..


You could see an ice beast, Kloppie's ghost and 2 friendly ice beasts.

Vanquished Creatures
  Pikel (D:5)
  Sigmund (D:5)
  Eustachio (D:6)
  3 slaves (D:5)
  An orc warrior (D:6)
  2 ice beasts
  2 sky beasts
  A centaur (D:6)
  A crocodile (D:6)
  An ogre (D:6)
  Blork the orc (D:6)
  2 scorpions
  2 crimson imps
  An orc priest (D:4)
  A giant frog skeleton (D:6)
  A giant frog zombie (D:5)
  Ijyb (D:2)
  6 hounds
  An orc wizard (D:6)
  6 worker ants
  5 adders
  2 shadow imps
  An ooze (D:4)
  2 worms
  6 giant geckos
  14 orcs
  4 ball pythons
  6 giant cockroaches
  10 hobgoblins
  3 quokkas
  7 bats
  A giant gecko zombie (D:5)
  4 giant newts
  10 goblins
  6 jackals
  A jackal zombie (D:6)
  8 kobolds
  5 rats
131 creatures vanquished.

Vanquished Creatures (collateral kills)
  The ghost of Musteatbrain the Magician, a novice DsWz of Ashenzari (D:5)
  The ghost of PossumBlood the Sneak, an amateur OpAs (D:3)
2 creatures vanquished.

Grand Total: 133 creatures vanquished

Notes
Turn   | Place    | Note
--------------------------------------------------------------
     0 | D:1      | Kloppie the Draconian Ice Elementalist began the quest for the Orb.
     0 | D:1      | Reached XP level 1. HP: 14/14 MP: 3/3
   390 | D:1      | Reached XP level 2. HP: 20/20 MP: 5/5
  1016 | D:2      | Noticed Ijyb
  1030 | D:2      | Killed Ijyb
  1030 | D:2      | Reached skill level 4 in Ice Magic
  1030 | D:2      | Reached XP level 3. HP: 18/26 MP: 0/7
  1180 | D:2      | Found a snail-covered altar of Cheibriados.
  1189 | D:2      | Reached XP level 4. HP: 33/33 MP: 2/8
  1244 | D:2      | Learned a level 3 spell: Ozocubu's Armour
  1249 | D:2      | Learned a level 4 spell: Summon Ice Beast
  1905 | D:3      | Noticed PossumBlood's ghost (amateur OpAs)
  2317 | D:4      | Found an iron altar of Okawaru.
  2378 | D:4      | Reached XP level 5. HP: 26/38 MP: 5/10
  2552 | D:4      | Noticed Edmund
  2640 | D:4      | You fall through a shaft for 2 floors!
  2665 | D:6      | Noticed an ogre
  2676 | D:6      | Killed an ogre
  2676 | D:6      | Reached skill level 5 in Ice Magic
  2682 | D:6      | Learned a level 4 spell: Throw Icicle
  2817 | D:6      | Reached skill level 1 in Summonings
  2817 | D:6      | Reached XP level 6. HP: 45/45 MP: 7/12
  2862 | D:6      | Noticed Blork the orc
  2862 | D:6      | Noticed a sky beast
  2892 | D:6      | Killed Blork the orc
  2900 | D:6      | Killed a sky beast
  2900 | D:6      | Reached skill level 6 in Ice Magic
  3046 | D:6      | Found Geneczocs's Book Shop.
  3065 | D:6      | Your scales start taking on a dull iron-grey colour.
  3065 | D:6      | Gained mutation: You can survive without breathing. [Grey Draconian growth]
  3065 | D:6      | Reached XP level 7. HP: 50/50 MP: 8/13
  3179 | D:6      | Found a glowing golden altar of the Shining One.
  3462 | D:6      | Noticed a centaur
  3481 | D:6      | Killed a centaur
  3624 | D:6      | Found a staircase to the Ecumenical Temple.
  3625 | D:6      | Noticed an ice beast
  3629 | Temple   | Entered the Ecumenical Temple
  3830 | D:6      | Killed an ice beast
  3830 | D:6      | Reached skill level 7 in Ice Magic
  4015 | D:6      | Noticed Eustachio
  4086 | D:6      | Killed Eustachio
  4337 | D:5      | Entered Level 5 of the Dungeon
  4344 | D:5      | Reached XP level 8. HP: 53/57 MP: 10/14
  4390 | D:5      | Noticed Musteatbrain's ghost (novice DsWz)
  4447 | D:5      | Killed Musteatbrain's ghost
  4836 | D:5      | Reached skill level 8 in Ice Magic
  5391 | D:5      | Noticed Sigmund
  5398 | D:5      | Killed Sigmund
  5577 | D:5      | Noticed Pikel
  5725 | D:5      | Killed Pikel
  5725 | D:5      | Reached skill level 5 in Conjurations
  5725 | D:5      | Reached skill level 9 in Ice Magic
  5725 | D:5      | Reached XP level 9. HP: 62/62 MP: 4/15
  6230 | D:4      | Reached skill level 1 in Fighting
  6481 | D:4      | Found a shattered altar of Ashenzari.
  6481 | D:4      | Found a white marble altar of Elyvilon.
  6795 | D:3      | Killed PossumBlood's ghost
  7445 | D:3      | You fall through a shaft for 3 floors!
  7604 | D:3      | Found an ancient bone altar of Kikubaaqudgha.
  8108 | D:7      | Noticed Kloppie's ghost (novice DrIE)
  8122 | D:7      | Killed from afar by Kloppie's ghost

Action                   |  1- 3 |  4- 6 |  7- 9 || total
-------------------------+-------+-------+-------++-------
Melee: Unarmed           |    10 |       |    13 ||    23
       Club              |    38 |     7 |       ||    45
       War axe           |       |    64 |       ||    64
       Falchion          |       |       |   201 ||   201
 Cast: Freeze            |    31 |    50 |    75 ||   156
       Ozocubu's Armour  |       |     1 |    10 ||    11
       Summon Ice Beast  |       |       |     8 ||     8
       Throw Icicle      |       |       |     3 ||     3
  Use: Scroll            |       |     3 |    15 ||    18
 Stab: Sleeping          |     1 |     2 |     2 ||     5
  Eat: Chunk             |     1 |     6 |    13 ||    20
       Pizza             |       |       |     1 ||     1
       Beef jerky        |       |       |     3 ||     3
